 Dungeon Crawl Stone Soup version 0.24.0-13-gcf9b3192b9 (webtiles) character file.

Game seed: 399117137867125094, levelgen mode: classic

392 EnegeticOcto the Chopper (level 7, -10/55 HPs)
             Began as a Formicid Warper on Nov 8, 2019.
             Mangled by an ogre
             ... wielding a +0 giant spiked club
              (16 damage)
             ... on level 4 of the Dungeon.
             The game lasted 00:05:17 (4695 turns).

EnegeticOcto the Chopper (Formicid Warper)          Turns: 4695, Time: 00:05:18

Health: -10/55     AC: 12    Str: 18    XL:     7   Next: 8%
Magic:  10/10      EV:  5    Int: 12    God:
Gold:   188        SH:  0    Dex: 10    Spells: 10/10 levels left

rFire    . . .     SeeInvis +   b - +1 fustibalus
rCold    . . .     Gourm    .   (no shield)
rNeg     . . .     Faith    .   o - +0 plate armour
rPois    .         Spirit   .   (helmet unavailable)
rElec    .         Reflect  .   (no cloak)
rCorr    .         Harm     .   (no gloves)
MR       .....                  t - +1 pair of boots
Stlth    ..........             (no amulet)
HPRegen  0.18/turn              (no ring)
MPRegen  0.12/turn              (no ring)

@: no status effects
A: permanent stasis, dig shafts and tunnels, four strong arms, antennae 3
a: Dig, Shaft Self


You were on level 4 of the Dungeon.
You were not hungry.

You visited 1 branch of the dungeon, and saw 4 of its levels.

You collected 188 gold pieces.

Inventory:

Hand Weapons
 a - a +0 hand axe
 b - a +1 fustibalus (weapon)
Missiles
 c - 31 bolts
 l - 86 arrows
 v - 44 stones (quivered)
 w - 14 sling bullets
Armour
 o - a +0 plate armour (worn)
 t - a +1 pair of boots (worn)
Wands
 h - a wand of polymorph (5)
 x - a wand of acid (7)
Scrolls
 f - 2 scrolls of enchant armour
 j - a scroll of identify {@r1}
 s - 2 scrolls of fog {unknown}
 u - a scroll of remove curse {@r2}
 y - a scroll of magic mapping {unknown}
Potions
 i - a potion of haste {unknown}
 k - a potion of flight {unknown}
 m - a potion of degeneration {unknown}
 n - a potion of cancellation
 p - a potion of heal wounds {unknown}
 q - a potion of might {unknown}
 r - a potion of berserk rage {unknown}
Comestibles
 d - a chunk of flesh
 e - 11 rations


   Skills:
 + Level 4.7 Fighting
 * Level 5.8 Axes
 - Level 1.0 Throwing
 - Level 1.1 Armour
 - Level 1.7 Dodging
 - Level 2.1 Spellcasting
   Level 2.6 Translocations


You had 10 spell levels left.
You didn't know any spells.
Your spell library contained the following spells:

 Spells                   Type           Power        Failure   Level  Hunger
 Shroud of Golubria       Chrm/Tloc      #.....       100%        2    ###....
 Gell's Gravitas          Tloc           #.........   100%        3    ####...
 Lesser Beckoning         Tloc           #.........   100%        3    ####...
 Teleport Other           Tloc           #.......     100%        3    ####...
 Passage of Golubria      Tloc           N/A          100%        4    #####..
 Blink                    Tloc           Unusable     N/A         2    N/A

Dungeon Overview and Level Annotations

Branches:
Dungeon (4/15)
 Temple: D:4-7

Altars:
Fedhas
Qazlal
Xom

Shops:
D:4 [


Innate Abilities, Weirdness & Mutations

You cannot be hasted, slowed, berserked, paralysed or teleported.
You can dig through walls and to a lower floor.
Your four strong arms can wield two-handed weapons with a shield.
You have a pair of large antennae on your head. (SInv)


Message History

A hobgoblin is nearby!
Firing (i - inventory. (/) - cycle)
v - 52 stones (quivered)
Press: ? - help, Shift-Dir - straight line, f - hobgoblin
Aim: a hobgoblin You shoot a stone.
The stone hits the hobgoblin.
The hobgoblin is severely wounded.
Firing (i - inventory. (/) - cycle)
v - 51 stones (quivered)
Press: ? - help, Shift-Dir - straight line, f/p - hobgoblin
Aim: a hobgoblin (severely wounded)
You shoot a stone. The stone hits the hobgoblin!
You kill the hobgoblin!
v - 51 stones (gained 1)
You butcher the hobgoblin corpse.
d - 2 chunks of flesh You see here a hobgoblin skeleton. x2
v - 52 stones (gained 1) Eating one of 2 chunks of flesh.
You eat one of the 2 chunks of flesh.
This raw flesh tastes terrible.
You see here a dagger.
You see here a +0 dagger.
e - 11 rations (gained 1)
y - a scroll labeled YQIXTEN BYDD You now have 188 gold pieces (gained 4).
Found a shimmering altar of Xom.
No target in view!
Done exploring.
Done exploring.
Done exploring.
Done exploring.
Search for what [Enter for "stone", or ? for help]? .
(D) Dungeon
Where to? (Enter - D:3, ? - help)
You see here a +0 short sword.
There is a stone staircase leading down here.
You climb downwards. 2 ogres come into view.
The ogre shouts!
Found 16 stones and 13 gold pieces.
Found Weoch's Armour Emporium.
There is a stone staircase leading up here.
Firing (i - inventory. (/) - cycle)
v - 52 stones (quivered)
Press: ? - help, Shift-Dir - straight line, f - ogre
Aim: an ogre, wielding a +0 giant spiked club You shoot a stone.
The stone hits the ogre!
The ogre is moderately wounded.
Firing (i - inventory. (/) - cycle)
v - 51 stones (quivered)
Press: ? - help, Shift-Dir - straight line, f/p - ogre
Aim: an ogre, wielding a +0 giant club (moderately wounded)
You shoot a stone. The stone barely misses the ogre.
Firing (i - inventory. (/) - cycle)
v - 50 stones (quivered)
Press: ? - help, Shift-Dir - straight line, f/p - ogre
Aim: an ogre, wielding a +0 giant club (moderately wounded)
You shoot a stone. The stone barely misses the ogre.
The ogre closely misses you.
Firing (i - inventory. (/) - cycle)
v - 49 stones (quivered)
Press: ? - help, Shift-Dir - straight line, f/p - ogre
Aim: an ogre, wielding a +0 giant spiked club You shoot a stone.
The stone hits the ogre!
The ogre is severely wounded.
The ogre hits you with a cursed +0 giant club!
Firing (i - inventory. (/) - cycle)
v - 48 stones (quivered)
Press: ? - help, Shift-Dir - straight line, f/p - ogre
Aim: an ogre, wielding a +0 giant club (severely wounded)
You shoot a stone. The stone hits the ogre!
You kill the ogre!
You have reached level 7!
The ogre hits you with a +0 giant spiked club!!
* * * LOW HITPOINT WARNING * * *
You are too injured to fight recklessly!
Really quaff
g - 2 potions of curing {@q1 !q}?
You feel better.
Really quaff
g - a potion of curing {@q1 !q}?
You feel better. The ogre hits you but does no damage.
You are too injured to fight recklessly!
Firing (i - inventory. (/) - cycle)
v - 47 stones (quivered)
Press: ? - help, Shift-Dir - straight line, f - ogre
Aim: an ogre, wielding a +0 giant spiked club You shoot a stone.
The stone hits the ogre!
The ogre is moderately wounded.
The ogre hits you with a +0 giant spiked club.
Firing (i - inventory. (/) - cycle)
v - 46 stones (quivered)
Press: ? - help, Shift-Dir - straight line, f/p - ogre
Aim: an ogre, wielding a +0 giant spiked club (moderately wounded)
You shoot a stone. The stone barely misses the ogre.
The ogre barely misses you.
Firing (i - inventory. (/) - cycle)
v - 45 stones (quivered)
Press: ? - help, Shift-Dir - straight line, f/p - ogre
Aim: an ogre, wielding a +0 giant spiked club (moderately wounded)
You shoot a stone. The stone hits the ogre!
The ogre is severely wounded.
The ogre hits you with a +0 giant spiked club!!
* * * LOW HITPOINT WARNING * * *
Okay, then.
Okay, then.
Found a stone staircase leading down.
There is a stone staircase leading down here.
Things that are here:
a cursed +0 giant club; a stone; an ogre corpse
There is a stone staircase leading up here.
The ogre hits you with a +0 giant spiked club!
You die...

# #.# #+## #. #.#
###...## #. ##.#
#.∩....## ###.##..#
##.......#
........####.@......(
#........'.O.......
#.#...####).....$..
#.........#.......#
#..######.##...(.##
#..# #.# #..(##
#.>#### #.# #+##
#.....# #.# ##.##.#
#(#


You could see an ogre.

Vanquished Creatures
  An ogre (D:4)
  3 jellies (D:3)
  Ijyb (D:3)
  7 adders
  7 oozes (D:3)
  4 worms
  2 dart slugs (D:2)
  5 leopard geckos
  An orc (D:3)
  3 giant cockroaches
  11 goblins
  5 hobgoblins
  3 jackals
  A quokka (D:2)
  7 bats
  2 frilled lizards
  12 kobolds
  7 rats
82 creatures vanquished.

Vanquished Creatures (others)
  4 fungi (D:3)
  8 toadstools (D:3)
12 creatures vanquished.

Grand Total: 94 creatures vanquished

Notes
Turn   | Place    | Note
-------+----------+-------------------------------------------
     0 | D:1      | EnegeticOcto the Formicid Warper began the quest for the
                  | Orb.
     0 | D:1      | Reached XP level 1. HP: 16/16 MP: 3/3
   316 | D:1      | Reached XP level 2. HP: 17/23 MP: 5/5
  1169 | D:2      | Reached skill level 3 in Axes
  1169 | D:2      | Reached XP level 3. HP: 6/28 MP: 6/6
  1187 | D:2      | HP: 2/42 [poisoned by an adder]
  1962 | D:2      | Found a stormy altar of Qazlal.
  2000 | D:2      | Reached XP level 4. HP: 10/35 MP: 7/7
  3307 | D:2      | Reached skill level 4 in Axes
  3307 | D:2      | Reached XP level 5. HP: 28/41 MP: 8/8
  3653 | D:3      | Noticed Ijyb
  3668 | D:3      | Killed Ijyb
  3820 | D:3      | Found a blossoming altar of Fedhas.
  4330 | D:3      | Reached XP level 6. HP: 48/48 MP: 9/9
  4347 | D:3      | Reached skill level 5 in Axes
  4632 | D:3      | Found a shimmering altar of Xom.
  4651 | D:4      | Found Weoch's Armour Emporium.
  4651 | D:4      | Noticed an ogre
  4651 | D:4      | Noticed an ogre
  4659 | D:4      | Killed an ogre
  4659 | D:4      | Reached XP level 7. HP: 39/55 MP: 10/10
  4670 | D:4      | HP: 2/55 [ogre/+0 giant spiked club (22)]
  4695 | D:4      | Mangled by an ogre

Levels and vault maps discovered:
D:1:      dpeg_arrival_circle_labyrinth_c, layout_basic, minivault_4
D:2:      layout_loops_cross, first_ration, grunt_qazlal_sundering
D:3:      cheibrodos_fertilizer, layout_loops_ring,
          lemuel_coloured_pillars_altar, fedhas_altar_2, uniq_ijyb
D:4:      layout_loops_corners, temple_garden, serial_shops, shop, shop,
          shop_statue

Skill      XL: |  1  2  3  4  5  6 |
---------------+-------------------+-----
Axes           | 3 4 5 |  5.8
Fighting       | 3 4 |  4.7
Throwing       | |  1.0
Armour         | |  1.1
Dodging        | |  1.7
Spellcasting   | |  2.1
Translocations | |  2.6

Action                   |  1- 3 |  4- 6 |  7- 9 || total
-------------------------+-------+-------+-------++-------
Melee: Hand axe          |   110 |   113 |       ||   223
       Unarmed           |       |     3 |       ||     3
 Fire: Fustibalus        |       |   127 |     3 ||   130
  Use: Potion            |     1 |       |     2 ||     3
       Scroll            |       |    10 |       ||    10
 Stab: Confused          |       |     1 |       ||     1
  Eat: Chunk             |     3 |     9 |       ||    12
Armor: Leather armour    |    21 |       |       ||    21
       Skin              |     9 |       |       ||     9
       Plate armour      |    27 |   171 |     1 ||   199
Dodge: Dodged            |    61 |    77 |     1 ||   139
